[Event "Team 45 45 League T44"]
[Site "Internet Chess Club"]
[Date "2010.02.22"]
[Round "3"]
[White "tsia68"]
[Black "smitty120"]
[Result "0-1"]
[WhiteElo "1838"]
[BlackElo "1961"]
[Opening "English: Anglo-Dutch defense"]
[ECO "A10"]
[Time "16:02:50"]
[TimeControl "2700+45"]

1. c4 f5 2. Nc3 Nf6 3. g3 g6 4. Bg2 Bg7 5. d3 O-O 6. e3 d6 7. Nge2 e5 8. O-O c6
9. f4 Nbd7 10. Rb1 a5 11. a3 Qb6 12. h3 Nh5 13. Kh2 exf4 14. gxf4 Qc7 15. b4
axb4 16. axb4 Re8 17. b5 Nb6 18. bxc6 bxc6 19. c5 Nd7 20. Qb3+ Kh8 21. Nb5 cxb5
22. Bxa8 Nxc5 23. Qa3 g5 24. Bf3 g4 25. hxg4 fxg4 26. Bg2 Qe7 27. Rxb5 Qh4+ 28.
Kg1 g3 29. Rd1 Qh2+ 30. Kf1 Bh3 31. Bxh3 Qf2# {White checkmated} 0-1

[Event "Team 45 45 League T44"]
[Site "Internet Chess Club"]
[Date "2010.02.21"]
[Round "3"]
[White "ddlj81"]
[Black "VietLion"]
[Result "1-0"]
[WhiteElo "1833"]
[BlackElo "1869"]
[Opening "Sicilian: Najdorf, Opocensky variation"]
[ECO "B92"]
[Time "00:00:23"]
[TimeControl "2700+45"]

1. e4 c5 2. Nf3 d6 3. d4 cxd4 4. Nxd4 Nf6 5. Nc3 a6 6. Be2 Qc7 7. O-O b5 8. Bf3
e5 9. Nf5 Nbd7 10. Bg5 Bb7 11. Qd2 O-O-O 12. a4 g6 13. Ne3 h6 14. Ncd5 Nxd5 15.
Nxd5 Bxd5 16. Bxd8 Qxd8 17. Qxd5 f5 18. axb5 a5 19. Qa8+ Kc7 20. Qxa5+ {Black
resigns} 1-0

[Event "Team 45 45 League T44"]
[Site "Internet Chess Club"]
[Date "2010.02.21"]
[Round "3"]
[White "room-matt"]
[Black "parrot9"]
[Result "0-1"]
[WhiteElo "1709"]
[BlackElo "1725"]
[Opening "Caro-Kann: Steinitz variation"]
[ECO "B17"]
[Time "09:04:20"]
[TimeControl "2700+45"]

1. e4 c6 2. d4 d5 3. Nc3 dxe4 4. Nxe4 Nd7 5. Bc4 e6 6. Nf3 Ngf6 7. Nxf6+ Nxf6 8.
O-O Be7 9. Re1 O-O 10. Ne5 Qc7 11. c3 c5 12. Bf4 Qb6 13. Bb3 Rd8 14. Be3 Qc7 15.
Qe2 a6 16. Rad1 Nd5 17. Bxd5 exd5 18. Qf3 Be6 19. Qg3 f6 20. Nd3 Qxg3 21. hxg3
c4 22. Nf4 Bg4 23. Rd2 b5 24. a3 g5 25. f3 Bf5 26. g4 gxf4 27. Bxf4 Bxa3 28.
bxa3 Bd3 29. Re7 Re8 30. Rd7 Rad8 31. Ra7 Ra8 32. Rb7 Re1+ 33. Kf2 Rc1 34. Rxd3
cxd3 35. Bxc1 Re8 36. Kg3 Re2 37. Bh6 d2 38. Bxd2 Rxd2 39. Rb6 Rc2 40. Rxf6 Rxc3
41. Rxa6 Rc4 42. Ra5 Rxd4 43. Rxb5 Rd3 44. a4 d4 45. a5 Ra3 46. Rd5 d3 47. a6
Kg7 48. Rd7+ Kg6 49. a7 d2 50. a8=Q Rxa8 51. Rxd2 Ra3 52. Rd6+ Kg5 53. Rd5+ Kg6
54. Kf4 Ra4+ 55. Ke5 Kg5 56. g3 Ra1 57. Ke6+ Kg6 58. f4 Re1+ 59. Kd6 Rg1 60. Rd3
Rf1 61. Ke7 h6 62. Kf8 Rb1 63. Rd8 Rb3 64. Rd6+ Kh7 65. Rd7+ Kg6 66. Rg7+ Kf6
67. g5+ hxg5 68. Rxg5 Rb8# {White checkmated} 0-1

[Event "Team 45 45 League T44"]
[Site "Internet Chess Club"]
[Date "2010.02.21"]
[Round "3"]
[White "LukeOZade"]
[Black "Kurukshetra"]
[Result "0-1"]
[WhiteElo "1778"]
[BlackElo "1696"]
[Opening "Alekhine's defense"]
[ECO "B03"]
[Time "10:00:36"]
[TimeControl "2700+45"]

1. e4 Nf6 2. e5 Nd5 3. d4 e6 4. Nf3 d6 5. a4 Bd7 6. c4 Nb6 7. a5 Nc8 8. Bd3 dxe5
9. Nxe5 Nc6 10. Nf3 Bb4+ 11. Bd2 Qe7 12. O-O Bxd2 13. Qxd2 O-O 14. Ng5 h6 15.
Nf3 Nd6 16. Re1 Qf6 17. Ne5 Rad8 18. c5 Nf5 19. Bxf5 Qxf5 20. Nf3 Ne7 21. Re5
Qg6 22. h4 Bc6 23. Re3 Nf5 24. Ne5 Qxg2# {White checkmated} 0-1

[Event "Team 45 45 League T44"]
[Site "Internet Chess Club"]
[Date "2010.02.18"]
[Round "3"]
[White "SneakyRed"]
[Black "QueensCounselor"]
[Result "1/2-1/2"]
[WhiteElo "1884"]
[BlackElo "2089"]
[Opening "Sicilian: Alapin's variation (2.c3)"]
[ECO "B22"]
[Time "14:00:35"]
[TimeControl "2700+45"]

1. e4 c5 2. c3 e6 3. d3 Nc6 4. Nf3 d5 5. Nbd2 Nf6 6. g3 Be7 7. Bg2 O-O 8. O-O
Re8 9. e5 Nd7 10. Re1 Qc7 11. Qe2 b5 12. Nf1 Bb7 13. Bf4 a5 14. h4 b4 15. c4 Nb6
16. b3 a4 17. Ne3 Na5 18. Nd2 d4 19. Ng4 axb3 20. axb3 Bxg2 21. Kxg2 Qb7+ 22.
Qf3 Qxf3+ 23. Kxf3 Ra7 24. Ke2 Rea8 25. f3 h6 26. h5 Nc6 27. Rxa7 Rxa7 28. Nf2
Nd7 29. Ng4 Ra3 30. Rb1 Bd8 31. Ne4 Ra2+ 32. Kf1 Na5 33. Bc1 Bc7 34. f4 Nxb3 35.
Ngf2 Nxc1 36. Rxc1 Ba5 37. Rb1 Ra3 38. Ke2 b3 39. Kd1 Bc3 40. Kc1 Kf8 41. Nd1
Be1 42. g4 f6 43. exf6 gxf6 44. Kb2 Bb4 45. Ra1 Rxa1 46. Kxa1 f5 47. gxf5 exf5
48. Ng3 Bd2 49. Kb2 Bxf4 50. Nxf5 Nf6 51. Nf2 Be3 52. Nd1 Bf4 53. Kxb3 Nxh5 54.
Nf2 Nf6 55. Ka4 Kf7 56. Nh3 Nh5 57. Kb5 Ke6 58. Nh4 Bd6 59. Kc6 Ng3 60. Nf2 Be7
61. Ng6 Bd6 62. Nh3 Nh5 63. Nf2 Ng3 64. Nh3 Nh5 65. Nf2 Ng3 {Game drawn by
repetition} 1/2-1/2

[Event "Team 45 45 League T44"]
[Site "Internet Chess Club"]
[Date "2010.02.20"]
[Round "3"]
[White "upsan"]
[Black "Duguesclin"]
[Result "0-1"]
[WhiteElo "1780"]
[BlackElo "1618"]
[Opening "French: Fort Knox variation"]
[ECO "C03"]
[Time "13:00:14"]
[TimeControl "2700+45"]

1. e4 e6 2. d4 d5 3. Nd2 dxe4 4. Nxe4 Bd7 5. Nf3 Bc6 6. Bd3 Nd7 7. O-O Ngf6 8.
Neg5 Be7 9. Re1 O-O 10. c3 h6 11. Ne4 Nxe4 12. Bxe4 Bxe4 13. Rxe4 Nf6 14. Re1 c5
15. Qe2 cxd4 16. Nxd4 Qd5 17. Be3 a6 18. c4 Qa5 19. a3 Rac8 20. Bd2 Qc7 21. Nxe6
fxe6 22. Qxe6+ Rf7 23. Rac1 Qc6 24. Qxc6 Rxc6 25. b4 Bd8 26. c5 Bc7 27. g3 Ng4
28. f4 b6 29. Re8+ Kh7 30. Kg2 Rd7 31. Re2 bxc5 32. Rxc5 Rxc5 33. bxc5 Rd5 34.
Kf3 Nf6 35. Be3 Rd3 36. Rb2 Rxa3 {White resigns} 0-1

[Event "Team 45 45 League T44"]
[Site "Internet Chess Club"]
[Date "2010.02.20"]
[Round "3"]
[White "oldsj"]
[Black "vaknight"]
[Result "1-0"]
[WhiteElo "1562"]
[BlackElo "1687"]
[Opening "Caro-Kann: Panov-Botvinnik attack, 5...e6"]
[ECO "B14"]
[Time "09:01:34"]
[TimeControl "2700+45"]

1. e4 c6 2. d4 d5 3. exd5 cxd5 4. c4 Nf6 5. Nc3 e6 6. Nf3 a6 7. Bg5 Be7 8. Be2
O-O 9. O-O Nc6 10. Re1 h6 11. Bh4 dxc4 12. Bxc4 b5 13. Bb3 Na5 14. Rc1 Bb7 15.
Ne5 Nxb3 16. Qxb3 Qxd4 17. Bg3 Rfd8 18. Nxf7 Bd5 19. Nxd5 Rxd5 20. Rcd1 Qb4 21.
Nxh6+ gxh6 22. Qe3 Rxd1 23. Qxe6+ Kf8 24. Rxd1 Qxb2 25. Be5 Qc2 26. Re1 Qc8 27.
Bxf6 Qxe6 28. Rxe6 Kf7 29. Rxe7+ Kxf6 30. Re2 b4 31. f4 Kf5 32. g3 a5 33. Re5+
Kf6 34. Kf2 Ra6 35. Ke2 Re6 36. Rxe6+ Kxe6 37. Ke3 a4 38. Kd4 b3 39. axb3 axb3
40. Kc3 b2 41. Kxb2 Kf5 42. Kc3 Ke4 43. Kc4 h5 44. h4 Kf5 45. Kd5 {Black
resigns} 1-0

[Event "Team 45 45 League T44"]
[Site "Internet Chess Club"]
[Date "2010.02.21"]
[Round "3"]
[White "Goli"]
[Black "Jugurtha"]
[Result "0-1"]
[WhiteElo "1709"]
[BlackElo "1936"]
[Opening "French: exchange variation"]
[ECO "C01"]
[Time "14:16:08"]
[TimeControl "2700+45"]

1. e4 e6 2. d4 d5 3. exd5 exd5 4. Bd3 Nf6 5. Ne2 Bd6 6. Nbc3 c6 7. Bg5 O-O 8.
Qd2 Nbd7 9. f3 Re8 10. O-O-O h6 11. Bf4 Bc7 12. g4 b5 13. Rde1 b4 14. Nd1 Ba5
15. b3 Re6 16. h4 Ne8 17. Bf5 Re7 18. h5 Bc7 19. g5 Bxf4 20. Qxf4 hxg5 21. Qxg5
Ba6 22. Qd2 Rxe2 23. Rxe2 Bxe2 24. Qxe2 Qg5+ 25. Ne3 Ndf6 26. Kb1 Nd6 27. Bd3
Re8 28. Qh2 Qxe3 29. Qxd6 Qxf3 30. h6 Qxh1+ {White resigns} 0-1

[Event "Team 45 45 League T44"]
[Site "Internet Chess Club"]
[Date "2010.02.19"]
[Round "3"]
[White "Camalleo"]
[Black "byebyebadman"]
[Result "1-0"]
[WhiteElo "1868"]
[BlackElo "1813"]
[Opening "Sicilian: accelerated fianchetto, modern variation with Bc4"]
[ECO "B35"]
[Time "13:34:45"]
[TimeControl "2700+45"]

1. e4 c5 2. Nf3 Nc6 3. d4 cxd4 4. Nxd4 g6 5. Be3 Bg7 6. Nc3 Nf6 7. Bc4 O-O 8.
O-O Nxe4 9. Nxe4 d5 10. Nxc6 bxc6 11. Bd3 dxe4 12. Bxe4 Ba6 13. Bd3 Bxd3 14.
cxd3 Bxb2 15. Rb1 Bf6 16. Qc2 Qd5 17. Rfc1 Rfd8 18. Rb3 Qa5 19. a3 Qd5 20. g3
Kg7 21. Qb1 h5 22. Rc5 Qd7 23. Rc4 a5 24. Bb6 Rdc8 25. Be3 h4 26. gxh4 Rh8 27.
Bg5 Bd4 28. Qd1 f6 29. Be3 Rxh4 30. Qf3 Rh3 31. Rxd4 {Black resigns} 1-0

[Event "Team 45 45 League T44"]
[Site "Internet Chess Club"]
[Date "2010.02.19"]
[Round "3"]
[White "Yedixon"]
[Black "mpe"]
[Result "1-0"]
[WhiteElo "1765"]
[BlackElo "1524"]
[Opening "Bird's opening"]
[ECO "A03"]
[Time "14:00:13"]
[TimeControl "2700+45"]

1. f4 d5 2. Nf3 Bf5 3. e3 Nf6 4. b3 g6 5. Bb2 Bg7 6. Bb5+ c6 7. Be2 Nbd7 8. d3
Nb6 9. Nbd2 O-O 10. Ne5 Qc8 11. h3 Nbd7 12. g4 Nxe5 13. fxe5 Bd7 14. exf6 exf6
15. Nf3 Bh6 16. Qd2 Re8 17. g5 fxg5 18. O-O-O g4 19. Qc3 Bxe3+ 20. Kb1 d4 21.
Nxd4 f6 22. Bxg4 Bxg4 23. hxg4 Qxg4 24. Qc4+ Kg7 25. Rxh7+ Kxh7 26. Qf7+ Kh6 27.
Rh1+ Kg5 28. Qg7 Bxd4 29. Bc1+ Be3 30. Qh6+ Kf5 31. Rf1+ Ke6 32. Qxe3+ Kd7 33.
Qc5 Re5 34. Qf2 Rf5 35. Qh2 Rxf1 36. Qh7+ Ke6 37. Qxb7 Rd8 38. Qxc6+ Rd6 39.
Qc8+ Rd7 40. Qe8+ Kd6 41. Qf8+ Kc6 42. Qc8+ Kb6 43. Qb8+ Rb7 44. Qd6+ Ka5 45.
Qc5+ Rb5 46. Qxa7+ Kb4 47. a3+ Kc3 48. Qc7+ Kd4 49. Qc4+ Ke5 50. Qxg4 Rb8 51.
Qg3+ {Black resigns} 1-0

[Event "Team 45 45 League T44"]
[Site "Internet Chess Club"]
[Date "2010.02.22"]
[Round "3"]
[White "rockykasparov"]
[Black "randallsr"]
[Result "1-0"]
[WhiteElo "1416"]
[BlackElo "1750"]
[Opening "French: advance variation"]
[ECO "C02"]
[Time "12:50:04"]
[TimeControl "2700+45"]

1. e4 e6 2. d4 d5 3. e5 c5 4. c3 Qb6 5. Nf3 Nc6 6. Be2 cxd4 7. cxd4 Bb4+ 8. Nc3
Bd7 9. O-O Bxc3 10. bxc3 Rc8 11. Bd2 h6 12. Rb1 Qc7 13. Qb3 b6 14. Ba6 Rb8 15.
c4 Nge7 16. cxd5 Nxd5 17. Rfc1 Qd8 18. Qc2 O-O 19. Qe4 f5 20. exf6 Qxf6 21. Bd3
Qf5 22. Qxf5 exf5 23. Bc4 Be6 24. Bb5 Nce7 25. Re1 Bf7 26. Ne5 Rfd8 27. Rbc1 Be8
28. Bc4 Kh7 29. Bb3 Rdc8 30. Rcd1 a5 31. a4 Rc7 32. Rb1 Rbc8 33. f4 g6 34. Re2
Nc3 35. Bxc3 Rxc3 36. Nd7 Ng8 37. Nxb6 Rc1+ 38. Rxc1 Rxc1+ 39. Kf2 Nf6 40. Re7+
Kh8 41. Nd5 Ne4+ 42. Ke3 Re1+ 43. Kd3 Nf2+ 44. Kd2 Rxe7 45. Nxe7 Kg7 46. d5 Kf8
47. Nc6 Bxc6 48. dxc6 Ne4+ 49. Ke3 Ke7 50. Kd4 Kd6 51. Bf7 g5 52. fxg5 Nxg5 53.
Bd5 Nh7 54. g3 Nf6 55. Bg2 Ng4 56. h3 Nf6 57. Bf3 Ne8 58. Ke3 Ke5 59. Kd2 Kd4
60. Be2 Nc7 61. Bb5 Ke4 62. Kc3 Kf3 63. Bd3 f4 64. gxf4 Kxf4 65. Kd4 h5 66. Bg6
h4 67. Bd3 Kg3 68. Bf5 Kf4 69. Bd7 Na6 70. Kd5 {Black resigns} 1-0

[Event "Team 45 45 League T44"]
[Site "Internet Chess Club"]
[Date "2010.02.19"]
[Round "3"]
[White "Colombiano07"]
[Black "viddi"]
[Result "1-0"]
[WhiteElo "2115"]
[BlackElo "2071"]
[Opening "Bogo-Indian defense, Grünfeld variation"]
[ECO "E11"]
[Time "11:11:41"]
[TimeControl "2700+45"]

1. d4 Nf6 2. c4 e6 3. Nf3 Bb4+ 4. Nbd2 b6 5. e3 Bb7 6. Be2 O-O 7. a3 Bxd2+ 8.
Bxd2 d6 9. O-O Nbd7 10. b4 c5 11. Rb1 Qe7 12. Bc3 Rfd8 13. Re1 e5 14. Bf1 e4 15.
Nd2 cxd4 16. exd4 d5 17. c5 Nf8 18. Qa4 Rdc8 19. Nb3 Ne6 20. Bd2 Ng4 21. h3 Nf6
22. Be3 Nh5 23. b5 bxc5 24. dxc5 d4 25. Bxd4 Nxd4 26. Qxd4 Rd8 27. Qe3 Bd5 28.
a4 f5 29. Red1 Kh8 30. a5 f4 31. Qc3 f3 32. g3 Qg5 33. Kh2 Nxg3 34. fxg3 e3 35.
h4 Qh6 36. Bh3 f2 37. Nd4 Qf6 38. Qxe3 Re8 39. Qg5 f1=Q 40. Rxf1 Qxd4 41. Rbd1
Re2+ 42. Bg2 Rxg2+ 43. Kh3 Qb2 44. Qxd5 Rh2+ 45. Kg4 Qe2+ 46. Rf3 Rf8 47. Rd2
Rxh4+ 48. Kxh4 g5+ 49. Qxg5 Qxf3 50. Qe5+ Rf6 51. Rd8+ Kg7 52. Rd7+ Kg8 53. Qe8+
Rf8 54. Qe6+ Kh8 55. Qe5+ Kg8 56. Qg7# {Black checkmated} 1-0

[Event "Team 45 45 League T44"]
[Site "Internet Chess Club"]
[Date "2010.02.20"]
[Round "3"]
[White "Erle"]
[Black "Majamutu"]
[Result "0-1"]
[WhiteElo "1848"]
[BlackElo "2037"]
[Opening "Sicilian: Sveshnikov variation"]
[ECO "B33"]
[Time "07:00:31"]
[TimeControl "2700+45"]

1. e4 c5 2. Nf3 Nc6 3. d4 cxd4 4. Nxd4 Nf6 5. Nc3 e5 6. Ndb5 d6 7. Bg5 a6 8. Na3
b5 9. Bxf6 gxf6 10. Nd5 f5 11. Bd3 Be6 12. Qh5 Rg8 13. O-O f4 14. Qxh7 Rg6 15.
Qh5 Rh6 16. Qd1 Qh4 17. h3 Bxh3 18. Re1 Bxg2 19. Nf6+ Rxf6 20. Kxg2 f3+ 21. Qxf3
Rxf3 22. Kxf3 Nd4+ 23. Kg2 Qg4+ 24. Kf1 Qh3+ {White resigns} 0-1

[Event "Team 45 45 League T44"]
[Site "Internet Chess Club"]
[Date "2010.02.18"]
[Round "3"]
[White "cesaralexander"]
[Black "la8pv"]
[Result "1-0"]
[WhiteElo "2012"]
[BlackElo "1662"]
[Opening "QGD semi-Slav: 5.e3"]
[ECO "D45"]
[Time "11:47:44"]
[TimeControl "2700+45"]

1. d4 d5 2. c4 c6 3. Nf3 Nf6 4. Nc3 e6 5. e3 Be7 6. Qc2 O-O 7. Bd3 Na6 8. a3
dxc4 9. Bxc4 b5 10. Bd3 b4 11. Ne4 h6 12. Qxc6 Qd5 13. Nxf6+ gxf6 14. Qxd5 exd5
15. Nh4 bxa3 16. bxa3 Rb8 17. Bf5 Be6 18. Ng6 Rfe8 19. Nxe7+ Rxe7 20. Bd3 Nc7
21. O-O Rb3 22. Bc2 Rc3 23. Ba4 Bf5 24. Bd2 Rc4 25. Bb4 Re6 26. Bd7 Bd3 27. Rfd1
Bc2 28. Rdc1 Rb6 29. Bc5 Rb3 30. Bxa7 Rb7 31. Bc5 Na6 32. Bc6 Nxc5 33. dxc5 Rc7
34. Bxd5 R4xc5 35. Bf3 Rd7 36. a4 Rcc7 37. a5 Kg7 38. a6 Kg6 39. Rxc2 Rxc2 40.
Be4+ f5 {Black resigns} 1-0

[Event "Team 45 45 League T44"]
[Site "Internet Chess Club"]
[Date "2010.02.21"]
[Round "3"]
[White "EBK"]
[Black "CaoCao"]
[Result "0-1"]
[WhiteElo "1796"]
[BlackElo "1950"]
[Opening "Vienna game"]
[ECO "C28"]
[Time "09:30:10"]
[TimeControl "2700+45"]

1. e4 e5 2. Bc4 Nf6 3. Nc3 Nc6 4. d3 d6 5. f4 Be7 6. Nf3 Bg4 7. O-O Nd4 8. Kh1
O-O 9. Rg1 c6 10. fxe5 dxe5 11. h3 Nxf3 12. gxf3 Bh5 13. Rg3 b5 14. Bb3 b4 15.
Na4 Nxe4 16. Rg2 Ng5 17. Bxg5 Bxg5 18. Qe2 Qf6 19. Rf1 Bf4 20. Nc5 Qf5 21. Kg1
Qxh3 22. Ne4 Kh8 23. Rff2 h6 24. Kf1 f5 25. Nd2 Bg3 26. Qe3 Bxf2 27. Qxf2 e4 28.
Ke1 e3 {White resigns} 0-1

[Event "Team 45 45 League T44"]
[Site "Internet Chess Club"]
[Date "2010.02.22"]
[Round "3"]
[White "theophilus"]
[Black "ferrari9182"]
[Result "1/2-1/2"]
[WhiteElo "2143"]
[BlackElo "2097"]
[Opening "Old Benoni defense"]
[ECO "A44"]
[Time "15:00:33"]
[TimeControl "2700+45"]

1. d4 c5 2. d5 e5 3. c4 d6 4. e4 Nf6 5. Nc3 Be7 6. h3 a6 7. a4 O-O 8. Nf3 Bd7 9.
Bd3 Ne8 10. g4 Ra7 11. Rg1 b6 12. h4 Rb7 13. g5 f5 14. g6 h6 15. Ng5 f4 16. Nh7
Bxh4 17. Rh1 Be7 18. Qf3 Nf6 19. Nxf8 Qxf8 20. Rg1 Qe8 21. Bf1 Qc8 22. Be2 Be8
23. b3 Nbd7 24. Bf1 Nf8 25. Bh3 Qb8 26. Bf5 Bd8 27. Qe2 b5 28. axb5 axb5 29. Qa2
bxc4 30. bxc4 Rb4 31. Qe2 N8d7 32. Bxd7 Bxd7 33. Qa2 Kf8 34. Bd2 Rb2 35. Qa8
Qxa8 36. Rxa8 Ke7 37. Ke2 Bg4+ 38. Kd3 Bf3 39. Ra7+ Kf8 40. Rf7+ Kg8 41. Ra1 Rb8
42. Raa7 Ne8 43. Nb5 h5 44. Rfb7 Rxb7 45. Rxb7 Kf8 46. Rf7+ Kg8 47. Ra7 h4 48.
Ra8 Kf8 49. Rxd8 Ke7 50. Rxe8+ Kxe8 51. Nxd6+ Kf8 52. Nf5 h3 53. d6 Bxe4+ 54.
Kxe4 h2 55. Kxe5 h1=Q 56. d7 Qa1+ 57. Kd6 Qa6+ 58. Kxc5 Qa7+ 59. Kc6 Qa6+ 60.
Kc5 Qa7+ 61. Kc6 {Game drawn by mutual agreement} 1/2-1/2

[Event "Team 45 45 League T44"]
[Site "Internet Chess Club"]
[Date "2010.02.19"]
[Round "3"]
[White "monsterpawn"]
[Black "BadHabitMarco"]
[Result "1-0"]
[WhiteElo "1902"]
[BlackElo "1911"]
[Opening "Grünfeld: exchange variation"]
[ECO "D87"]
[Time "21:37:28"]
[TimeControl "2700+45"]

1. d4 Nf6 2. c4 g6 3. Nc3 d5 4. cxd5 Nxd5 5. e4 Nxc3 6. bxc3 c5 7. Bc4 Bg7 8.
Be3 O-O 9. Ne2 Nc6 10. O-O Qc7 11. Qc2 Rd8 12. Rad1 Na5 13. Bb3 b5 14. dxc5 Bb7
15. f3 Rac8 16. Rxd8+ Rxd8 17. Rd1 e6 18. Rxd8+ Qxd8 19. Qd1 Qc7 20. Qd6 Be5 21.
Qxc7 Bxc7 22. Nd4 a6 23. Kf2 Kf8 24. Bxe6 Bxh2 25. c6 Bd6 26. cxb7 fxe6 27.
Nxe6+ Ke7 28. Nc5 Kd8 29. e5 Bxe5 30. Bg5+ Kc7 31. b8=Q+ Kxb8 32. Nd7+ Kc7 33.
Nxe5 Kd6 34. Bf4 Kd5 35. Ke3 Nb7 36. Nd7 Kc4 37. Kd2 b4 38. cxb4 Kxb4 39. Kc2
Nd8 40. Nf8 Kc4 41. Nxh7 Ne6 42. Be3 Ng7 43. Nf8 Nf5 44. Kd2 Nh4 45. Bg5 Nf5 46.
Nxg6 Kb4 47. Ne7 Nd6 48. f4 Ka3 49. Kc2 Kxa2 50. f5 Nf7 51. Bf4 Ka3 52. g4 Kb4
53. g5 Kc5 54. g6 {Black resigns} 1-0

[Event "Team 45 45 League T44"]
[Site "Internet Chess Club"]
[Date "2010.02.17"]
[Round "3"]
[White "Marichan"]
[Black "SneakyRed"]
[Result "1/2-1/2"]
[WhiteElo "1972"]
[BlackElo "1875"]
[Opening "Caro-Kann: classical variation"]
[ECO "B18"]
[Time "14:08:14"]
[TimeControl "2700+45"]

1. e4 c6 2. d4 d5 3. Nc3 dxe4 4. Nxe4 Bf5 5. Ng3 Bg6 6. Bc4 e6 7. N1e2 Bb4+ 8.
c3 Bd6 9. Nf4 Nf6 10. Nxg6 hxg6 11. Qf3 Nbd7 12. Bf4 Nb6 13. Bb3 Nbd5 14. Bxd6
Qxd6 15. O-O-O Qf4+ 16. Rd2 Qxf3 17. gxf3 O-O-O 18. Ne4 Rh5 19. Bc2 Rdh8 20.
Nd6+ Kc7 21. Nxf7 Rxh2 22. Rxh2 Rxh2 23. Bxg6 Nf4 24. Bc2 Nh3 25. Re2 Nf4 26.
Rd2 Nh3 27. c4 Nh5 28. Ne5 Nxf2 29. b3 Rh1+ 30. Kb2 Nh3 31. d5 exd5 32. cxd5
cxd5 33. Rxd5 Nf6 34. Rd2 Nf4 35. Bf5 a6 36. Nd7 N6d5 37. Nc5 Nf6 38. Rc2 Kb6
39. Nd7+ Nxd7 40. Bxd7 Nd3+ 41. Ka3 Ne5 42. Bf5 Nxf3 43. Be4 Rh3 44. Rg2 g5 45.
Bxf3 Rxf3 46. Rxg5 Rf4 {Game drawn by mutual agreement} 1/2-1/2

[Event "Team 45 45 League T44"]
[Site "Internet Chess Club"]
[Date "2010.02.21"]
[Round "3"]
[White "Warren"]
[Black "vnchess"]
[Result "1-0"]
[WhiteElo "2289"]
[BlackElo "2223"]
[Opening "Sicilian: accelerated fianchetto, Maróczy bind, 5...Bg7"]
[ECO "B37"]
[Time "11:00:15"]
[TimeControl "2700+45"]

1. e4 c5 2. Nf3 Nc6 3. d4 cxd4 4. Nxd4 g6 5. c4 Bg7 6. Nc2 Nf6 7. Nc3 O-O 8. Be2
d6 9. O-O Be6 10. Be3 Rc8 11. f3 a6 12. Qd2 Re8 13. Rac1 Qa5 14. Rfd1 Ne5 15. b3
b5 16. b4 Qc7 17. Nd5 Bxd5 18. cxd5 Qc3 19. Nd4 Qa3 20. Nc6 Kf8 21. Rc3 Qa4 22.
Rb1 Nxc6 23. Bd1 Nxe4 24. fxe4 Bxc3 25. Qxc3 Ne5 26. Qb2 Qxd1+ 27. Rxd1 Rc4 28.
Bd4 Nd7 29. Qd2 f6 30. Qh6+ Kg8 31. Qh3 Nf8 32. Qa3 Ra8 33. h4 Kf7 34. h5 g5 35.
Qf3 Kg8 36. Bxf6 exf6 37. Qxf6 Rxe4 38. Qxg5+ Kh8 39. h6 {Black resigns} 1-0

[Event "Team 45 45 League T44"]
[Site "Internet Chess Club"]
[Date "2010.02.23"]
[Round "3"]
[White "SlimeDog2"]
[Black "jpitt"]
[Result "0-1"]
[WhiteElo "2119"]
[BlackElo "2395"]
[Opening "King's Indian: fianchetto, Panno variation"]
[ECO "E63"]
[Time "20:20:24"]
[TimeControl "2700+45"]

1. d4 Nf6 2. c4 g6 3. g3 Bg7 4. Bg2 O-O 5. Nc3 d6 6. Nf3 Nc6 7. O-O a6 8. Qd3
Bd7 9. d5 Nb4 10. Qd1 a5 11. e4 e5 12. Ne1 c6 13. a3 Na6 14. dxc6 Bxc6 15. Nd3
Nc7 16. Be3 Nd7 17. b4 b5 18. c5 Ne6 19. cxd6 Nd4 20. Nxe5 Nxe5 21. Bxd4 axb4
22. Nd5 Bxd5 23. exd5 bxa3 24. Qb3 Qxd6 25. Qxb5 Rfb8 26. Qe2 Nf3+ 27. Bxf3 Bxd4
28. Ra2 Rb2 29. Rxb2 Bxb2 30. Be4 Qe5 31. d6 Rd8 32. Qc4 Rxd6 33. Bb1 Qd5 34.
Qxd5 Rxd5 35. Re1 Rd2 36. Kf1 Bc3 {White resigns} 0-1

[Event "Team 45 45 League T44"]
[Site "Internet Chess Club"]
[Date "2010.02.23"]
[Round "3"]
[White "blackswood"]
[Black "adh2050"]
[Result "1-0"]
[WhiteElo "1969"]
[BlackElo "1994"]
[Opening "Sicilian: Hungarian variation"]
[ECO "B34"]
[Time "22:06:28"]
[TimeControl "2700+45"]

1. e4 c5 2. Nf3 g6 3. d4 cxd4 4. Nxd4 Bg7 5. Nc3 Nc6 6. Be3 Nf6 7. Nxc6 bxc6 8.
e5 Nd5 9. Nxd5 cxd5 10. Qxd5 Rb8 11. O-O-O Bb7 12. Qd4 O-O 13. Qc3 d6 14. f4 Qd7
15. Rg1 Qa4 16. Rd4 Qd7 17. Qa5 Rfc8 18. Bb5 Qe6 19. Rd2 dxe5 20. Bd7 Qc4 21.
Bxc8 Rxc8 22. Rd8+ Bf8 23. Rxc8 Qxc8 24. fxe5 Be4 25. c3 Qc4 26. Qd8 Qxa2 27.
Bh6 Qb1+ 28. Kd2 Qxb2+ 29. Ke3 Qb6+ 30. Qxb6 Bxh6+ 31. Kxe4 axb6 32. Rb1 Bd2 33.
c4 Ba5 34. Rb5 Kf8 35. c5 {Black resigns} 1-0

[Event "Team 45 45 League T44"]
[Site "Internet Chess Club"]
[Date "2010.02.21"]
[Round "3"]
[White "Cristina"]
[Black "cerassee"]
[Result "1-0"]
[WhiteElo "2109"]
[BlackElo "2047"]
[Opening "two knights defense: Ulvestad variation"]
[ECO "C57"]
[Time "07:06:06"]
[TimeControl "2700+45"]

1. e4 e5 2. Nf3 Nc6 3. Bc4 Nf6 4. Ng5 d5 5. exd5 b5 6. Bf1 Qxd5 7. Nc3 Qd7 8.
Bxb5 Bc5 9. O-O O-O 10. d3 Bb7 11. Nce4 Be7 12. Nxf6+ Bxf6 13. Qh5 h6 14. Ne4
Be7 15. Be3 Kh7 16. Nc5 Bxc5 17. Bxc5 Qd5 18. Bxf8 Nd4 19. f3 Rxf8 20. Bc4 Qc5
21. Kh1 g6 22. Qh4 Nxc2 23. Rac1 Ne3 24. Qf2 Qb6 25. Rfe1 Nxc4 26. Qxb6 Nxb6 27.
Rxc7 Ba6 28. Rxa7 Bxd3 29. Rxe5 Kg8 30. b3 Bf5 31. Rb7 Nc8 32. Rb8 Kg7 33. g4
Be6 34. Kg2 Rd8 35. Kg3 Kf6 36. Rc5 g5 37. h4 gxh4+ 38. Kxh4 h5 39. Rxh5 Rd2 40.
Rh6+ Kg7 41. Rxe6 fxe6 42. Rxc8 Rxa2 43. Kg5 Ra5+ 44. Kf4 Rb5 45. Rc3 Kf6 46.
Ke4 Kg5 47. Kd4 Kf4 48. Kc4 Rb8 49. b4 Rc8+ 50. Kb3 Rb8 51. Rd3 e5 52. Kc3 Rc8+
53. Kb3 Rb8 54. Rc3 Rg8 55. b5 e4 56. fxe4 Kxe4 57. Kb4 Kd5 58. Rg3 Rg5 59. Rd3+
Ke5 60. b6 Rxg4+ 61. Kc5 Rg1 62. Re3+ Kf6 63. Rb3 {Black resigns} 1-0

[Event "Team 45 45 League T44"]
[Site "Internet Chess Club"]
[Date "2010.02.22"]
[Round "3"]
[White "ElCreyente"]
[Black "AugustoCaruso"]
[Result "1/2-1/2"]
[WhiteElo "2315"]
[BlackElo "2202"]
[Opening "Ruy Lopez: Schliemann defense, Berger variation"]
[ECO "C63"]
[Time "11:30:07"]
[TimeControl "2700+45"]

1. e4 e5 2. Nf3 Nc6 3. Bb5 f5 4. Nc3 fxe4 5. Nxe4 Nf6 6. Qe2 d5 7. Nxf6+ gxf6 8.
d4 Bg7 9. dxe5 O-O 10. e6 Ne5 11. Bf4 Qd6 12. O-O Qxe6 13. Rfe1 c6 14. Bd3 Nxd3
15. Qxd3 Qf7 16. Re3 Bd7 17. Nd4 Rfe8 18. Rg3 Re4 19. Bh6 Rg4 20. Rxg4 Bxg4 21.
Bxg7 Qxg7 22. Re1 Rf8 23. Re3 Qd7 24. h3 Bh5 25. Ne6 Re8 26. Rg3+ Kh8 27. Nf4
Bf7 28. Qd4 Qd6 29. Nd3 b6 30. Qh4 c5 31. Qh6 Rg8 32. Rxg8+ Kxg8 33. Nf4 Qe5 34.
c3 d4 35. cxd4 cxd4 36. a3 Qg5 37. Qxg5+ fxg5 38. Nd3 Kg7 39. Ne5 Bd5 40. f3 Kf6
41. Ng4+ Kf5 42. Kf2 h5 43. Nh2 h4 44. g3 hxg3+ 45. Kxg3 Bc4 46. Ng4 b5 47. Nf2
Bf1 48. Ne4 a6 49. b4 Bc4 50. Nc5 d3 51. Ne4 Bd5 52. Nd2 Bc6 53. Nb3 Bd5 54. Nd2
Bc6 55. Nb3 Bd7 56. Kf2 Kf4 57. Nc5 Bf5 58. Nxa6 Bxh3 59. Nc5 Bf5 60. a4 bxa4
61. Nxa4 d2 62. Nc3 Bd3 63. Nd1 Bc4 64. Nb2 Bb5 65. Nd1 Bc6 66. Ke2 Bxf3+ 67.
Kxd2 g4 68. Ne3 g3 69. b5 Bb7 70. b6 Kf3 71. Nf5 g2 72. Nh4+ Kf2 73. Nxg2 Kxg2
{Game drawn by mutual agreement} 1/2-1/2